TOP OF THE 1ST |
Vermont Lake Monsters batting - Pitching for Austin Black Mambas : RHP Harvey Wyles
|
Pitching: RHP Harvey Wyles
|
|
Batting: SHB Takeshi Kovacs
|
0-0: Swinging Strike 0-1: Foul Ball, location: 2F 0-2: Ball 1-2: Ball 2-2: Ball 3-2: Fly out, F7 (Line Drive, 7, EV 87.5 MPH)
|
Batting: LHB Conrad Overdevest
|
0-0: Ball 1-0: Foul Ball, location: 2F 1-1: Ball 2-1: Foul Ball, location: 2F 2-2: Foul Ball, location: 2F 2-2: Foul Ball, location: 2F 2-2: Foul Ball, location: 2F 2-2: Strikes out swinging
|
Batting: LHB Jiro Miyake
|
0-0: Ball 1-0: Swinging Strike 1-1: Foul Ball, location: 2F 1-2: Foul Ball, location: 2F 1-2: Ball 2-2: Strikes out looking
|
Top of the 1st over - 0 runs, 0 hits, 0 errors, 0 left on base; Vermont 0 - Austin 0 |
BOTTOM OF THE 1ST |
Austin Black Mambas batting - Pitching for Vermont Lake Monsters : RHP Fred Jerger
|
Pitching: RHP Fred Jerger
|
|
Batting: LHB Armando Viña
|
0-0: Ball 1-0: SINGLE (Line Drive, 9S, EV 101.9 MPH)
|
Batting: RHB Donnie Haggard
|
0-0: Ball 1-0: Fielders Choice at 2nd, 4-6 (Groundball, 4, EV 86.9 MPH)
|
Batting: SHB Bill Gatacre
|
0-0: Ball 1-0: Ball 2-0: Ball 3-0: Base on Balls Donnie Haggard to second
|
Batting: RHB Silverberry Mouhon
|
0-0: Swinging Strike 0-1: Grounds into double play, 6-4-3 (Groundball, 6, EV 100.0 MPH)
|
Bottom of the 1st over - 0 runs, 1 hit, 0 errors, 1 left on base; Vermont 0 - Austin 0 |
TOP OF THE 2ND |
Vermont Lake Monsters batting - Pitching for Austin Black Mambas : RHP Harvey Wyles
|
Batting: LHB Robert Shannon
|
0-0: Ball 1-0: Called Strike 1-1: Called Strike 1-2: Ball 2-2: Ball 3-2: Foul Ball, location: 2F 3-2: Base on Balls
|
Batting: SHB Enrique Martínez
|
0-0: Called Strike 0-1: Ball 1-1: Called Strike 1-2: Ball 2-2: Strikes out swinging
|
Batting: LHB Hughie Chesire
|
0-0: Ball 1-0: Ball 2-0: Called Strike 2-1: Reached on error, E1 (Groundball, 34S, EV 88.8 MPH) Robert Shannon to second
|
Batting: RHB Tim Hendricks
|
0-0: Ball 1-0: Ball 2-0: Ball 3-0: Called Strike 3-1: Base on Balls Robert Shannon to third Hughie Chesire to second
|
Batting: RHB Fabrice Boyer
|
0-0: Ball 1-0: Swinging Strike 1-1: Swinging Strike 1-2: Foul Ball, location: 2F 1-2: Strikes out swinging
|
Batting: RHB Gonzalo Perales
|
0-0: Foul Ball, location: 2F 0-1: Foul Ball, location: 2F 0-2: Strikes out swinging
|
Top of the 2nd over - 0 runs, 0 hits, 1 error, 3 left on base; Vermont 0 - Austin 0 |
BOTTOM OF THE 2ND |
Austin Black Mambas batting - Pitching for Vermont Lake Monsters : RHP Fred Jerger
|
Batting: LHB Man-su Sin
|
0-0: Foul Ball, location: 2F 0-1: Called Strike 0-2: Ball 1-2: Ball 2-2: Ball 3-2: Foul Ball, location: 2F 3-2: Fly out, F7 (Flyball, 7LM, EV 95.0 MPH)
|
Batting: RHB Rick Pawlowicz
|
0-0: Ball 1-0: Ball 2-0: Ball 3-0: Base on Balls
|
Batting: RHB Donald Martin
|
0-0: SINGLE (Groundball, 34S, EV 80.6 MPH) (infield hit) Rick Pawlowicz to second
|
Batting: RHB Doug Page
|
0-0: Foul Ball, location: 2F 0-1: Called Strike 0-2: Ball 1-2: Ball 2-2: Ball 3-2: Ground out 5-3 (Groundball, 5S, EV 73.1 MPH) Rick Pawlowicz to third Donald Martin to second
|
Batting: RHB Francisco Ortíz
|
0-0: Ball 1-0: Ball 2-0: Swinging Strike 2-1: Ball 3-1: Swinging Strike 3-2: Strikes out looking
|
Bottom of the 2nd over - 0 runs, 1 hit, 0 errors, 2 left on base; Vermont 0 - Austin 0 |
TOP OF THE 3RD |
Vermont Lake Monsters batting - Pitching for Austin Black Mambas : RHP Harvey Wyles
|
Batting: SHB Takeshi Kovacs
|
0-0: Ground out 4-3 (Groundball, 4, EV 90.0 MPH)
|
Batting: LHB Conrad Overdevest
|
0-0: SINGLE (Line Drive, 8LS, EV 102.5 MPH)
|
Batting: LHB Jiro Miyake
|
0-0: Called Strike 0-1: Fly out, F7 (Flyball, 7, EV 92.5 MPH)
|
Batting: LHB Robert Shannon
|
0-0: Fly out, F4 (Line Drive, 4, EV 69.4 MPH)
|
Top of the 3rd over - 0 runs, 1 hit, 0 errors, 1 left on base; Vermont 0 - Austin 0 |
BOTTOM OF THE 3RD |
Austin Black Mambas batting - Pitching for Vermont Lake Monsters : RHP Fred Jerger
|
Batting: LHB Armando Viña
|
0-0: Called Strike 0-1: Swinging Strike 0-2: Ground out 4-3 (Groundball, 4, EV 93.8 MPH)
|
Batting: RHB Donnie Haggard
|
0-0: Ball 1-0: Ball 2-0: Called Strike 2-1: Foul Ball, location: 2F 2-2: Ball 3-2: Fly out, F9 (Flyball, 9LS, EV 91.9 MPH)
|
Batting: SHB Bill Gatacre
|
0-0: Ball 1-0: Swinging Strike 1-1: Ball 2-1: Foul Ball, location: 2F 2-2: Ball 3-2: Fly out, F7 (Line Drive, 7, EV 91.9 MPH)
|
Bottom of the 3rd over - 0 runs, 0 hits, 0 errors, 0 left on base; Vermont 0 - Austin 0 |
TOP OF THE 4TH |
Vermont Lake Monsters batting - Pitching for Austin Black Mambas : RHP Harvey Wyles
|
Batting: SHB Enrique Martínez
|
0-0: SINGLE (Groundball, 3S, EV 82.5 MPH) (infield hit)
|
Batting: LHB Hughie Chesire
|
0-0: Ball 1-0: Called Strike 1-1: Ball 2-1: Foul Ball, location: 2F 2-2: Foul Ball, location: 2F 2-2: Ball 3-2: Strikes out looking
|
Batting: RHB Tim Hendricks
|
0-0: Called Strike Enrique Martínez steals 2nd base 0-1: Fly out, F9 (Flyball, 9S, EV 84.4 MPH)
|
Batting: RHB Fabrice Boyer
|
0-0: Foul Ball, location: 2F 0-1: Foul Ball, location: 2F 0-2: Strikes out swinging
|
Top of the 4th over - 0 runs, 1 hit, 0 errors, 1 left on base; Vermont 0 - Austin 0 |
BOTTOM OF THE 4TH |
Austin Black Mambas batting - Pitching for Vermont Lake Monsters : RHP Fred Jerger
|
Batting: RHB Silverberry Mouhon
|
0-0: Ball 1-0: Ball 2-0: Ground out 5-3 (Groundball, 56, EV 81.9 MPH)
|
Batting: LHB Man-su Sin
|
0-0: Called Strike 0-1: Fly out, F8 (Flyball, 8LD, EV 105.6 MPH)
|
Batting: RHB Rick Pawlowicz
|
0-0: Ball 1-0: Foul Ball, location: 2F 1-1: Ball 2-1: Fly out, F6 (Popup, 6D, EV 51.9 MPH)
|
Bottom of the 4th over - 0 runs, 0 hits, 0 errors, 0 left on base; Vermont 0 - Austin 0 |
TOP OF THE 5TH |
Vermont Lake Monsters batting - Pitching for Austin Black Mambas : RHP Harvey Wyles
|
Batting: RHB Gonzalo Perales
|
0-0: Called Strike 0-1: Called Strike 0-2: Ball 1-2: Foul Ball, location: 2F 1-2: Strikes out swinging
|
Batting: SHB Takeshi Kovacs
|
0-0: Called Strike 0-1: Foul Ball, location: 2F 0-2: Foul Ball, location: 2F 0-2: Ball 1-2: Strikes out swinging
|
Batting: LHB Conrad Overdevest
|
0-0: Foul Ball, location: 2F 0-1: Foul Ball, location: 2F 0-2: Foul Ball, location: 2F 0-2: Fly out, F8 (Line Drive, 8RD, EV 86.2 MPH)
|
Top of the 5th over - 0 runs, 0 hits, 0 errors, 0 left on base; Vermont 0 - Austin 0 |
BOTTOM OF THE 5TH |
Austin Black Mambas batting - Pitching for Vermont Lake Monsters : RHP Fred Jerger
|
Batting: RHB Donald Martin
|
0-0: Ball 1-0: Ball 2-0: Fly out, F8 (Line Drive, 8RD, EV 96.9 MPH)
|
Batting: RHB Doug Page
|
0-0: Foul Ball, location: 2F 0-1: Ball 1-1: Ball 2-1: Fly out, F4 (Popup, 4S, EV 66.9 MPH)
|
Batting: RHB Francisco Ortíz
|
0-0: Ball 1-0: Swinging Strike 1-1: Ball 2-1: Foul Ball, location: 2F 2-2: Foul Ball, location: 2F 2-2: Ball 3-2: Foul Ball, location: 2F 3-2: Foul Ball, location: 2F 3-2: Strikes out swinging
|
Bottom of the 5th over - 0 runs, 0 hits, 0 errors, 0 left on base; Vermont 0 - Austin 0 |
TOP OF THE 6TH |
Vermont Lake Monsters batting - Pitching for Austin Black Mambas : RHP Harvey Wyles
|
Batting: LHB Jiro Miyake
|
0-0: Foul Ball, location: 2F 0-1: Ball 1-1: Foul Ball, location: 2F 1-2: Ball 2-2: Foul Ball, location: 2F 2-2: DOUBLE (Line Drive, 9LS, EV 101.2 MPH)
|
Batting: LHB Robert Shannon
|
0-0: Intentional Walk
|
Batting: SHB Enrique Martínez
|
0-0: Called Strike 0-1: Fielders Choice at 2nd, 1-6 (Groundball, P, EV 63.1 MPH) Jiro Miyake to third
|
Batting: LHB Hughie Chesire
|
0-0: Ball 1-0: Ground out 4-3 (Groundball, 4S, EV 71.2 MPH) Jiro Miyake scores Enrique Martínez to second
|
Batting: RHB Tim Hendricks
|
0-0: Intentional Walk
|
Batting: RHB Fabrice Boyer
|
0-0: Fly out, F8 (Flyball, 8LM, EV 91.2 MPH)
|
Top of the 6th over - 1 run, 1 hit, 0 errors, 2 left on base; Vermont 1 - Austin 0 |
BOTTOM OF THE 6TH |
Austin Black Mambas batting - Pitching for Vermont Lake Monsters : RHP Fred Jerger
|
Batting: LHB Armando Viña
|
0-0: Ball 1-0: Ground out 4-3 (Groundball, 34, EV 104.4 MPH)
|
Batting: RHB Donnie Haggard
|
0-0: Foul Ball, location: 2F 0-1: Ball 1-1: Called Strike 1-2: Strikes out swinging
|
Batting: SHB Bill Gatacre
|
0-0: Called Strike 0-1: Swinging Strike 0-2: Ground out U3 (Groundball, 34, EV 100.6 MPH)
|
Bottom of the 6th over - 0 runs, 0 hits, 0 errors, 0 left on base; Vermont 1 - Austin 0 |
TOP OF THE 7TH |
Vermont Lake Monsters batting - Pitching for Austin Black Mambas : RHP Harvey Wyles
|
Pitching: LHP Abdul-Nasir Rabah
|
|
Batting: RHB Gonzalo Perales
|
0-0: Called Strike 0-1: Ball 1-1: Ground out 5-3 (Groundball, 56S, EV 83.1 MPH)
|
Batting: SHB Takeshi Kovacs
|
0-0: Ball 1-0: Foul Ball, location: 2F 1-1: Ground out 5-3 (Groundball, 56, EV 87.5 MPH)
|
Batting: LHB Conrad Overdevest
|
0-0: Ball 1-0: Called Strike 1-1: Called Strike 1-2: SINGLE (Line Drive, 5D, EV 95.6 MPH)
|
Batting: LHB Jiro Miyake
|
0-0: Ball 1-0: Ball 2-0: Foul Ball, location: 2F 2-1: Swinging Strike 2-2: Foul Ball, location: 2F 2-2: SINGLE (Groundball, 34D, EV 98.1 MPH) Conrad Overdevest to second Runner from 2nd tries for 3rd, SAFE, no throw by RF
|
Batting: LHB Robert Shannon
|
0-0: Fielders Choice at 2nd, 6-4 (Groundball, 4M, EV 81.2 MPH)
|
Top of the 7th over - 0 runs, 2 hits, 0 errors, 2 left on base; Vermont 1 - Austin 0 |
BOTTOM OF THE 7TH |
Austin Black Mambas batting - Pitching for Vermont Lake Monsters : RHP Fred Jerger
|
Batting: RHB Silverberry Mouhon
|
0-0: Ball 1-0: SINGLE (Line Drive, 56, EV 105.6 MPH)
|
Batting: LHB Man-su Sin
|
0-0: Called Strike 0-1: Ball 1-1: DOUBLE (Line Drive, 89XD, EV 102.5 MPH) Silverberry Mouhon to third
|
Batting: RHB Rick Pawlowicz
|
0-0: SINGLE (Groundball, 56D, EV 96.2 MPH) Silverberry Mouhon scores Man-su Sin to third
|
Batting: RHB Donald Martin
|
Squeeze bunt is on, Man-su Sin is out 0-1: Called Strike 0-2: Foul Ball, location: 2F 0-2: Fielders Choice at 2nd, 1-6 (Groundball, 34S, EV 69.4 MPH)
|
Batting: RHB Doug Page
|
0-0: Ball 1-0: Ball 2-0: Fielders Choice at 2nd, 6-4 (Groundball, 6, EV 108.1 MPH)
|
Bottom of the 7th over - 1 run, 3 hits, 0 errors, 1 left on base; Vermont 1 - Austin 1 |
TOP OF THE 8TH |
Vermont Lake Monsters batting - Pitching for Austin Black Mambas : LHP Abdul-Nasir Rabah
|
Batting: SHB Enrique Martínez
|
0-0: Called Strike 0-1: Ball 1-1: DOUBLE (Line Drive, 8LXD, EV 103.8 MPH)
|
Batting: LHB Hughie Chesire
|
0-0: Ball 1-0: Swinging Strike 1-1: Ball 2-1: Swinging Strike 2-2: Strikes out swinging
|
Batting: RHB Tim Hendricks
|
0-0: Intentional Walk
|
Batting: RHB Fabrice Boyer
|
0-0: Ball 1-0: Swinging Strike 1-1: Ball 2-1: Ball 3-1: Bunted foul 3-2: Strikes out swinging
|
Batting: RHB Gonzalo Perales
|
0-0: Ball 1-0: Ball 2-0: Foul Ball, location: 2F 2-1: Fly out, F8 (Line Drive, 8RD, EV 93.8 MPH)
|
Top of the 8th over - 0 runs, 1 hit, 0 errors, 2 left on base; Vermont 1 - Austin 1 |
BOTTOM OF THE 8TH |
Austin Black Mambas batting - Pitching for Vermont Lake Monsters : RHP Fred Jerger
|
Batting: RHB Francisco Ortíz
|
0-0: Foul Ball, location: 2F 0-1: Foul Ball, location: 2F 0-2: Foul Ball, location: 2F 0-2: Ball 1-2: Foul Ball, location: 2F 1-2: Foul Ball, location: 2F 1-2: Ball 2-2: Ball 3-2: Ground out 4-3 (Groundball, 4, EV 86.9 MPH)
|
Pitching: RHP Marvin Stevens
|
|
Batting: LHB Armando Viña
|
0-0: Ball 1-0: Fly out, F5 (Popup, 56, EV 71.9 MPH)
|
Batting: RHB Donnie Haggard
|
0-0: Fly out, F8 (Flyball, 8RS, EV 75.0 MPH)
|
Bottom of the 8th over - 0 runs, 0 hits, 0 errors, 0 left on base; Vermont 1 - Austin 1 |
TOP OF THE 9TH |
Vermont Lake Monsters batting - Pitching for Austin Black Mambas : LHP Abdul-Nasir Rabah
|
Pinch Hitting: RHB Dragoljub Kandic
|
0-0: Ball 1-0: Foul Ball, location: 2F 1-1: Ball 2-1: Ball 3-1: Ground out 4-3 (Groundball, 4S, EV 86.2 MPH)
|
Batting: LHB Conrad Overdevest
|
0-0: Called Strike 0-1: Called Strike 0-2: Ball 1-2: Foul Ball, location: 2F 1-2: Ball 2-2: Strikes out swinging
|
Pitching: RHP Tadayuki Ito
|
|
Batting: LHB Jiro Miyake
|
0-0: Ground out U3 (Groundball, 3, EV 85.6 MPH)
|
Top of the 9th over - 0 runs, 0 hits, 0 errors, 0 left on base; Vermont 1 - Austin 1 |
BOTTOM OF THE 9TH |
Austin Black Mambas batting - Pitching for Vermont Lake Monsters : RHP Marvin Stevens
|
Now in CF: Mark Kirk
|
|
Batting: SHB Bill Gatacre
|
0-0: TRIPLE (Line Drive, 78XD, EV 107.5 MPH)
|
Batting: RHB Silverberry Mouhon
|
0-0: Ball 1-0: Ground out 1-3 (Groundball, 13, EV 68.8 MPH)
|
Batting: LHB Man-su Sin
|
0-0: Ball 1-0: Ball 2-0: Called Strike 2-1: SINGLE (Groundball, 4, EV 101.2 MPH) (infield hit) Bill Gatacre scores
|
|
Thursday, June 17th, 2021 - OOTP Baseball 20.8 Build 74
|
|